 Dungeon Crawl Stone Soup version 0.29.1-15-g9cfb28693d (webtiles) character file.

Game seed: 9769118727234933708

43 Groucho the Trooper (level 3, -2/34 HPs)
             Began as a Naga Fighter on Mar 11, 2023.
             Slain by a gnoll
             ... wielding a +0 whip
              (5 damage)
             ... on level 2 of the Dungeon.
             The game lasted 00:02:26 (1846 turns).

Groucho the Trooper (Naga Fighter)                  Turns: 1846, Time: 00:02:27

Health: -2/34      AC:  5    Str: 18    XL:     3   Next: 58%
Magic:  3/3        EV:  7    Int:  8    God:
Gold:   100        SH:  4    Dex: 12    Spells: 2/2 levels left

rFire   . . .      SeeInvis +   a - +0 war axe
rCold   . . .      Faith    .   c - +0 buckler
rNeg    . . .      Spirit   .   b - +0 scale mail
rPois   +          Reflect  .   (no helmet)
rElec   .          Harm     .   f - +0 cloak
rCorr   .          Rampage  .   (no gloves)
Will    .....                   (no barding)
Stlth   ..........              (no amulet)
HPRegen 0.11/turn               (no ring)
MPRegen 0.08/turn               (no ring)

@: attractive, very slow
A: AC +1, large, see invisible, deformed body, poison resistance, slowness 2,
spit poison 1, naga tail 1
a: Spit Poison


You were on level 2 of the Dungeon.
You visited 1 branch of the dungeon, and saw 2 of its levels.

You collected 100 gold pieces.

Inventory:

Hand Weapons
 a - a +0 war axe (weapon)
Armour
 b - a +0 scale mail (worn)
 c - a +0 buckler (worn)
 f - a +0 cloak (worn)
Jewellery
 m - an amulet of regeneration
Scrolls
 g - a scroll of teleportation {unknown}
 i - a scroll of silence {unknown}
 o - a scroll of identify {unknown}
 p - a scroll of butterflies {unknown}
Potions
 d - a potion of might
 e - a potion of curing {unknown}
 h - a potion of resistance {unknown}
 j - a potion of attraction
 k - a potion of heal wounds {unknown}
 l - a potion of lignification {unknown}
 n - a potion of ambrosia {unknown}


   Skills:
 + Level 3.4 Fighting
 + Level 2.5 Axes
 + Level 2.8 Armour
 + Level 3.1 Shields


You had 2 spell levels left.
You didn't know any spells.
Your spell library was empty.

Dungeon Overview and Level Annotations

Branches:
Dungeon (2/15)

Altars:

Shops:
D:1 =


Innate Abilities, Weirdness & Mutations

Your serpentine skin is tough. (AC +1)
You have supernaturally acute eyesight. (SInv)
Armour fits poorly on your strangely shaped body.
Your system is resistant to poisons. (rPois)
You cover ground very slowly.
You can spit poison.
You have a snake-like lower body.


Message History

No target in view!
Found 6 stones.
You see here 6 stones.
A gnoll comes into view. It is wielding a +0 flail.
A gnoll is nearby!
A gnoll is nearby!
A goblin and 2 gnolls come into view.
The goblin is wielding a +2 dagger of venom.
A gnoll is wielding a +1 spear of flaming.
Found a stone staircase leading up.
The goblin shouts!
The gnoll shouts! x2; You hear a shout! x2
A gnoll comes into view. It is wielding a +0 whip.
You block the gnoll's attack.
You slash the gnoll!
The gnoll is severely wounded.
The gnoll hits you with a +0 flail! The gnoll hits you with a +0 flail.
You slash the gnoll!
You kill the gnoll!
You barely miss the gnoll. The gnoll hits you but does no damage.
The gnoll barely misses you.
A ball python comes into view.
The gnoll hits you from afar with a +1 spear of flaming!
The gnoll burns you. The gnoll hits you with a +0 whip.
* * * LOW HITPOINT WARNING * * *
The goblin hits you but does no damage. The gnoll attacks as you move away!
The gnoll hits you with a +0 whip.
* * * LOW HITPOINT WARNING * * *
Unknown command.
It was a potion of attraction.
You feel attractive to monsters. You block the gnoll's attack.
Unknown command.
You are too injured to fight recklessly!
You are too injured to fight recklessly!
You are too injured to fight recklessly!
Unknown command.
You slash the gnoll!
The gnoll is almost dead.
You barely miss the goblin. You barely miss the gnoll.
The gnoll hits you with a +0 whip.
You die...

#......##...#
##..#....(.#.#
#...#......#.#
#...##....##.#
#.#.##....##.##
##.#..##..##...#
#.....##..##...#
###......####....########
#.#......####g@..........
#..####...##.g###########
##.# #....##.g)g....#
#.###...####..g.....
#..##...####.......S
##.#...##..##...#...
##.....##..##..## <#
##.....##....##.# #
#..##..##....##.# ..


You could see 2 gnolls and a goblin.

Vanquished Creatures
  A gnoll (D:2)
  A worm (D:2)
  A dart slug (D:2)
  4 endoplasms
  A giant cockroach (D:2)
  A goblin (D:1)
  A hobgoblin (D:1)
  4 jackals (D:1)
  4 ball pythons
  A bat (D:1)
  4 frilled lizards
  2 kobolds
  4 rats
29 creatures vanquished.

Notes
Turn   | Place    | Note
-------+----------+-------------------------------------------
     0 | D:1      | Groucho the Naga Fighter began the quest for the Orb.
     0 | D:1      | Reached XP level 1. HP: 21/21 MP: 1/1
    59 | D:1      | Reached XP level 2. HP: 6/28 MP: 2/2
  1140 | D:1      | Found a faded altar of an unknown god.
  1229 | D:1      | Found Irepp's Jewellery Emporium.
  1556 | D:2      | Reached XP level 3. HP: 32/34 MP: 3/3
  1846 | D:2      | Slain by a gnoll

Illustrated notes

Levels and vault maps discovered:
D:1:      dpeg_arrival_radiant, layout_loops_ring,
          chequers_ecumenical_altar_grove, serial_shops, shop
D:2:      layout_rooms, minmay_misc_feat_x

Skill      XL: |  1  2 |
---------------+-------+-----
Shields        | 3 |  3.1
Fighting       | |  3.4
Axes           | |  2.5
Armour         | |  2.8

Action                   || total
-------------------------++-------
Melee: War axe           ||    68
  Use: Potion            ||     1
Armor: Scale mail        ||    27
Dodge: Dodged            ||    28
Block: Buckler           ||    16
